[Event "84th BRA-ch 2017"]
[Site "Rio de Janeiro"]
[Date "2018.02.06"]
[Round "1.1"]
[White "Toth, Christian Endre"]
[Black "Macedo, Maximo Iack"]
[Result "1-0"]
[ECO "A45"]
[WhiteElo "2348"]
[BlackElo "2358"]
[Annotator "RC"]
[PlyCount "57"]
[EventDate "2018.??.??"]
[EventType "k.o."]
[EventCountry "BRA"]
[SourceTitle "playchess.com"]
[Source "ChessBase"]
[SourceQuality "1"]
[TimeControl "5400+30"]

1. d4 Nf6 2. Bf4 d5 3. e3 c5 4. c3 Nc6 5. Nd2 e6 6. Ngf3 Bd6 7. Bg3 O-O 8. Bb5 a6 9. Bxc6 bxc6 10. Qa4 Rb8 11. Bxd6 Qxd6 12. Qa3 Rb5 13. Nb3 Qb8 14. Nxc5 Rxb2 15. O-O Qb5 16. Ne5 Qe2 17. h3 g5 18. Qa4 Nh5 19. Rae1 Qd2 20. Nf3 Qxc3 21. Rc1 Qb4 22. Qxb4 Rxb4 23. Nxg5 Ng7 24. Rb1 Rc4 25. Rfc1 Rxc1+ 26. Rxc1 f6 27. Nf3 Rf7 28. Rb1 Rc7 29. Rb6 1-0